 Dungeon Crawl Stone Soup version 0.28.0-53-g5a82cb258f (webtiles) character file.

Game seed: 9083851285389076565

6293 Zeld the Thaumaturge (level 10, -3/50 HPs)
             Began as a Deep Elf Conjurer on May 24, 2022.
             Was an Initiate of Gozag.
             Shot with an arrow by a centaur (9 damage)
             ... on level 9 of the Dungeon.
             The game lasted 00:15:12 (17862 turns).

Zeld the Thaumaturge (Deep Elf Conjurer)           Turns: 17862, Time: 00:15:13

Health: -3/50      AC:  4    Str:  4    XL:     10   Next: 63%
Magic:  6/30       EV: 12    Int: 28    God:    Gozag
Gold:   62         SH:  0    Dex: 13    Spells: 7/37 levels left

rFire   . . .      SeeInvis .   a - +4 quarterstaff (chaos)
rCold   . . .      Faith    .   (shield currently unavailable)
rNeg    . . .      Spirit   .   q - +0 robe
rPois   .          Reflect  .   (no helmet)
rElec   .          Harm     .   B - +0 cloak
rCorr   .          Rampage  .   (no gloves)
Will    +....                   s - +0 pair of boots
Stlth   ++........              (no amulet)
HPRegen 0.16/turn               t - ring of wizardry
MPRegen 0.22/turn               I - ring of wizardry

@: no status effects
A: no striking features
a: Renounce Religion, Potion Petition, Call Merchant, Bribe Branch


You were on level 9 of the Dungeon.
You worshipped Gozag.
Gozag was noncommittal.
You visited 2 branches of the dungeon, and saw 10 of its levels.
You also visited: Ossuary.

You collected 1341 gold pieces.
You spent 1192 gold pieces at shops.
You paid 87 gold pieces to Gozag.

Inventory:

Hand Weapons
 a - a +4 quarterstaff of chaos (weapon)
Armour
 q - a +0 robe (worn)
 s - a +0 pair of boots (worn)
 B - a +0 cloak (worn)
Jewellery
 i - a ring of protection from cold
 t - a ring of wizardry (left hand)
 I - a ring of wizardry (right hand)
Wands
 b - a wand of iceblast (6)
 u - a wand of flame (24)
 y - a wand of charming (13)
 H - a wand of acid (15)
Scrolls
 d - 3 scrolls of identify
 f - 2 scrolls of amnesia
 g - 2 scrolls of silence
 j - 10 scrolls of teleportation
 w - a scroll of enchant weapon {unknown}
 x - 2 scrolls of immolation {unknown}
 E - 3 scrolls of enchant armour
 J - 2 scrolls of fear {unknown}
Potions
 c - 3 potions of lignification {unknown}
 h - 6 potions of curing
 k - 4 potions of ambrosia {unknown}
 l - a potion of invisibility {unknown}
 m - 3 potions of haste {unknown}
 n - 4 potions of mutation {unknown}
 o - 2 potions of cancellation {unknown}
 r - a potion of degeneration
 v - a potion of resistance {unknown}
 z - a potion of attraction {unknown}
 A - 4 potions of heal wounds {unknown}
 C - 2 potions of brilliance {unknown}
 D - a potion of might
 F - a potion of berserk rage {unknown}
Miscellaneous
 G - a phantom mirror


   Skills:
 - Level 2.4 Dodging
 - Level 2.4 Stealth
 - Level 14.0 Spellcasting
 + Level 13.6 Conjurations
 - Level 2.0 Hexes
 - Level 2.0 Translocations


You had 7 spell levels left.
You knew the following spells:

 Your Spells              Type           Power      Damage    Failure   Level
a - Magic Dart            Conj           100%       1d8       0%          1
b - Searing Ray           Conj           100%       2d8       0%          2
c - Fulminant Prism       Conj/Hex       29%        3d14      1%          4
d - Iskenderun's Mystic   Conj/Tloc      59%        2d12      1%          4
e - Fireball              Conj/Fire      27%        3d12      1%          5
f - Starburst             Conj/Fire      27%        6d9       7%          6
g - Ignition              Fire           9%         3d5       100%        8

Your spell library contained the following spells:

 Spells                   Type           Power      Damage    Failure   Level
 Foxfire                  Conj/Fire      100%       2x1d9     1%          1
 Conjure Flame            Conj/Fire      55%        6-21      1%          3
 Dazzling Flash           Conj/Hex       100%       N/A       1%          3
 Inner Flame              Hex/Fire       25%        N/A       1%          3
 Portal Projectile        Hex/Tloc       60%        N/A       1%          3
 Flame Wave               Conj/Fire      55%        2d11      1%          4
 Iskenderun's Battlesphe  Conj           77%        2d13      1%          5
 Call Canine Familiar     Summ           19%        N/A       2%          3
 Leda's Liquefaction      Hex/Erth       12%        N/A       4%          4
 Iron Shot                Conj/Erth      27%        9d6       7%          6
 Spellforged Servitor     Conj/Summ      27%        N/A       32%         7
 Haunt                    Necr/Summ      9%         N/A       99%         7
 Chain Lightning          Conj/Air       27%        3d36      100%        9
 Fire Storm               Conj/Fire      27%        8d7       100%        9
 Shatter                  Erth           9%         3d11*     100%        9


Dungeon Overview and Level Annotations

Branches:
Dungeon (9/15)             Temple (1/1) D:6            Lair (0/6) D:9
Ossuary (visited)
    Orc: D:9-12

Altars:
Ashenzari
Cheibriados
Dithmenos
Elyvilon
Fedhas
Gozag
Hepliaklqana
Kikubaaqudgha
Makhleb
Nemelex Xobeh
Okawaru
Qazlal
Ru
Sif Muna
Trog
Uskayaw
Vehumet
Wu Jian
Xom
Yredelemnul
Zin
The Shining One

Shops:
D:2 !   D:3 =   D:6 *   D:7 *   D:9 *[?*

Annotations:
D:4 3 runed translucent doors, Zeld's ghost, novice OgTm
D:9 Gastronok


Message History

Casting: Fireball (dangerous; 1% risk of failure)
Confirm with . or Enter, or press ? or * to list all spells.
Aiming: Fireball (dangerous; 1% risk of failure)
Press: ? - help, Shift-Dir - straight line, f/p - wight
Aim: a wight, wielding a +0 short sword and wearing a +2 robe of cold resistance (severely damaged)
The fireball explodes!
The fireball engulfs the wight!
You destroy the wight!
A centaur zombie comes into view.
The centaur wields a +0 shortbow.
The centaur shoots an arrow.
The arrow hits you!
Casting: Fireball (dangerous; 1% risk of failure)
Confirm with . or Enter, or press ? or * to list all spells.
Aiming: Fireball (dangerous; 1% risk of failure)
Press: ? - help, Shift-Dir - straight line, f - centaur
Aim: a centaur, wielding a +0 shortbow and quivering arrows You miscast Fireball.
You are very lightly contaminated with residual magic.
Nothing appears to happen.
The centaur shoots an arrow.
The arrow closely misses you.
Casting: Fireball (dangerous; 1% risk of failure)
Confirm with . or Enter, or press ? or * to list all spells.
You don't have enough magic to cast this spell.
Unknown command.
Unknown command.
The centaur shoots an arrow.
The arrow hits you!
The centaur shoots an arrow.
The arrow barely misses you.
Okay, then.
Unknown command.
Blink to where?
Press: ? - help, Dir - move target, p - centaur
As you read the scroll of blinking, it crumbles to dust.
Your magical contamination has completely faded away.
The centaur shoots an arrow.
The arrow hits you!
The centaur shoots an arrow.
The arrow hits you.
* * * LOW HITPOINT WARNING * * *
The centaur shoots an arrow.
The arrow hits you!
* * * LOW HITPOINT WARNING * * *
The centaur shoots an arrow.
The arrow hits you!
You die...
Your body crumbles into a pile of gold.

#######.########.#######..... #.#
#.# #..... #.# #.# #..... #.# #.#
#..... #.# #.# #..... #.# #.#
#..... #.# #.# #..... #
#######.########.#######..... ..
............@................ .#
####.......#######.#####.....
.### #.......# #.# #..... ...#
#.).....# #.# #.....
.#.#####.......### #.# #.....
......##.....P...### #.# #######
♣...♣.##.cP........###.# ##.#.#8#
)⌠.∩..##......PP....##.###_.#.#.#
....♣......P...P.........#8......


You could see a centaur.

Vanquished Creatures
  A two-headed ogre (D:9)
  Pikel (D:6)
  3 wraiths (D:9)
  4 yaks (D:8)
  3 steam dragons
  Menkaure (D:5)
  An acid dragon (D:9)
  A water moccasin (D:6)
  3 orc warriors (D:9)
  A black bear (D:9)
  Duvessa (D:7)
  A sky beast (D:6)
  4 ogres
  An ice beast (D:7)
  2 hornet zombies
  A necrophage (D:7)
  2 centaurs
  4 lemures
  A kobold brigand (D:8)
  2 bullfrogs
  5 scorpions
  8 water moccasin zombies (Ossuary)
  A gnoll sergeant (D:7)
  A water moccasin skeleton (D:5)
  Dowan (D:7)
  A wight (D:9)
  A howler monkey (D:4)
  2 centaur zombies (D:9)
  A bullfrog zombie (D:6)
  4 hounds
  2 orc priests (D:8)
  A centaur skeleton (D:5)
  Crazy Yiuf (D:6)
  3 gnoll shamans
  An iguana (D:5)
  3 orc wizards (D:8)
  2 killer bee zombies (D:8)
  2 mummies (Ossuary)
  18 gnolls
  6 adders
  A howler monkey skeleton (D:4)
  2 adder zombies (Ossuary)
  3 adder skeletons
  3 worms (D:2)
  4 dart slugs
  20 orcs
  4 bats
  7 endoplasms
  4 giant cockroaches
  8 goblins
  9 hobgoblins
  5 jackals
  11 kobolds
  4 quokkas
  12 ball pythons
  5 frilled lizards
  2 gnoll zombies (Ossuary)
  6 hobgoblin zombies (Ossuary)
  9 kobold zombies (Ossuary)
  2 orc zombies (Ossuary)
  3 rats
226 creatures vanquished.

Vanquished Creatures (others)
  13 fungi (D:9)
  11 plants (D:9)
24 creatures vanquished.

Grand Total: 250 creatures vanquished

Notes
Turn   | Place    | Note
-------+----------+-------------------------------------------
     0 | D:1      | Zeld the Deep Elf Conjurer began the quest for the Orb.
     0 | D:1      | Reached XP level 1. HP: 10/10 MP: 6/6
   250 | D:1      | Reached skill level 1 in Hexes
   273 | D:1      | Reached XP level 2. HP: 15/15 MP: 5/8
   337 | D:1      | Learned a level 2 spell: Searing Ray
   339 | D:1      | Reached skill level 1 in Translocations
   748 | D:1      | Reached XP level 3. HP: 19/19 MP: 6/9
  2323 | D:2      | Found Hyvycel's Distillery.
  2354 | D:2      | Bought a potion of curing for 39 gold pieces
  2369 | D:2      | Noticed an eye of devastation
  2371 | D:2      | Found a faded altar of an unknown god.
  2373 | D:2      | Noticed a shining eye
  2373 | D:2      | Noticed a great orb of eyes
  2373 | D:2      | Noticed a shining eye
  2383 | D:2      | Reached XP level 4. HP: 24/24 MP: 5/11
  2392 | D:2      | Learned a level 4 spell: Fulminant Prism
  2504 | D:2      | Reached skill level 4 in Spellcasting
  2509 | D:2      | Learned a level 4 spell: Iskenderun's Mystic Blast
  2807 | D:2      | Reached skill level 5 in Conjurations
  3389 | D:3      | Found Pitiofu's Jewellery Shop.
  4927 | D:4      | Reached XP level 5. HP: 28/28 MP: 8/14
  5111 | D:4      | Reached skill level 5 in Spellcasting
  5169 | D:4      | Noticed a lemure
  5169 | D:4      | Noticed a lemure
  5170 | D:4      | Noticed a lemure
  5170 | D:4      | Noticed a lemure
  5171 | D:4      | Noticed Pikel
  5193 | D:3      | Killed a lemure
  5195 | D:3      | Killed a lemure
  5411 | D:4      | Killed a lemure
  5875 | D:3      | Killed a lemure
  6133 | D:3      | Found Pitiofu's Jewellery Shop.
  6641 | D:4      | Found a runed translucent gate.
  7049 | D:4      | Found a runed translucent gate.
  7049 | D:4      | Found a runed translucent gate.
  7052 | D:4      | Reached XP level 6. HP: 32/32 MP: 4/16
  7068 | D:4      | Noticed Zeld's ghost (novice OgTm)
  7273 | D:4      | Reached skill level 6 in Spellcasting
  8039 | D:4      | Reached skill level 7 in Spellcasting
  8039 | D:4      | Reached XP level 7. HP: 36/36 MP: 7/19
  8232 | D:5      | Entered Level 5 of the Dungeon
  8452 | D:5      | Reached skill level 8 in Spellcasting
  9123 | D:5      | Noticed Menkaure
  9137 | D:5      | Killed Menkaure
  9138 | D:5      | Reached XP level 8. HP: 21/41 MP: 16/22
  9449 | D:5      | Reached skill level 9 in Spellcasting
  9760 | D:6      | Found a staircase to the Ecumenical Temple.
  9775 | Temple   | Entered the Ecumenical Temple
  9852 | Temple   | Became a worshipper of Gozag Ym Sagoz the Greedy
 10578 | D:6      | Killed Pikel
 10579 | D:6      | Reached skill level 10 in Spellcasting
 11178 | D:6      | Found a burning altar of Makhleb.
 11231 | D:6      | Found a runed translucent door.
 11232 | D:6      | Noticed Crazy Yiuf
 11269 | D:6      | Reached skill level 11 in Spellcasting
 11269 | D:6      | Reached skill level 10 in Conjurations
 11269 | D:6      | Reached XP level 9. HP: 45/45 MP: 5/26
 11441 | D:6      | Found Ynuth's Elemental Accessories.
 11612 | D:6      | Killed Crazy Yiuf
 11718 | D:7      | Found a sand-covered staircase.
 11723 | Ossuary  | Entered an ossuary
 12727 | D:7      | Noticed Duvessa
 12749 | D:7      | Killed Duvessa
 12859 | D:7      | Reached skill level 12 in Spellcasting
 13151 | D:7      | HP: 2/45 [something (8)]
 13632 | D:7      | Found Hesiror's Assorted Antiques.
 13872 | D:7      | Found an iron altar of Okawaru.
 14015 | D:7      | Noticed Dowan
 14021 | D:7      | Killed Dowan
 14150 | D:7      | HP: 2/45 [something (4)]
 14435 | D:7      | Identified the +3 flail "Puixkaom" {drain, Int+4}
 14999 | D:6      | Bought the Disquisition on the Blaze for 768 gold pieces
 15168 | D:8      | Got the Guide on Destructive Evil Secrets
 15175 | D:8      | Learned a level 5 spell: Fireball
 15182 | D:8      | Learned a level 6 spell: Starburst
 15191 | D:8      | Learned a level 8 spell: Ignition
 15204 | D:8      | Found a glowing golden altar of the Shining One.
 15352 | D:8      | Reached skill level 13 in Spellcasting
 15679 | D:8      | Reached XP level 10. HP: 50/50 MP: 9/29
 16622 | D:9      | Noticed a two-headed ogre
 16768 | D:9      | Found a staircase to the Lair.
 16787 | D:9      | Reached skill level 14 in Spellcasting
 17303 | D:9      | Found Rionu's Magic Scroll Emporium.
 17304 | D:9      | Found Wyoxtec's General Store.
 17306 | D:9      | Found Genguly's Antique Armour Emporium.
 17325 | D:9      | Noticed Gastronok
 17565 | D:9      | Found a basalt altar of Yredelemnul.
 17570 | D:9      | Found an ornate altar of the Wu Jian Council.
 17571 | D:9      | Found a shimmering altar of Xom.
 17571 | D:9      | Found a sparkling altar of Nemelex Xobeh.
 17631 | D:9      | Found Cefezxivei's General Store.
 17635 | D:9      | Bought a scroll of amnesia for 49 gold pieces
 17635 | D:9      | Bought a scroll of identify for 28 gold pieces
 17635 | D:9      | Bought a scroll of blinking for 105 gold pieces
 17635 | D:9      | Bought a scroll of identify for 28 gold pieces
 17635 | D:9      | Bought a scroll of enchant armour for 105 gold pieces
 17635 | D:9      | Bought a scroll of identify for 28 gold pieces
 17635 | D:9      | Bought a scroll of teleportation for 42 gold pieces
 17657 | D:9      | Killed a two-headed ogre
 17830 | D:9      | Noticed a two-headed ogre
 17862 | D:9      | Shot with an arrow by a centaur

Illustrated notes

Levels and vault maps discovered:
D:1:      minmay_arrival_up_and_down, layout_basic
D:2:      layout_basic, serial_shops, shop,
          hellmonk_ecumenical_altar_watching_god
D:3:      layout_basic, serial_shops,
          nicolae_shop_temple_entry_statues_fountains
D:4:      layout_rooms, ebering_ghost_rock_garden, st_stairs_14,
          kennysheep_generic_room_4, uniq_pikel
D:5:      layout_basic, kennysheep_generic_room_11, uniq_menkaure
D:6:      layout_cave_pools, lemuel_coloured_pillars_altar,
          minmay_temple_entry_sparse_star, minmay_misc_feat_pillars,
          nicolae_elemental_shop, uniq_crazy_yiuf_cottage
D:7:      layout_loops_corners, okawaru_altar_gauntlet_db, serial_shops,
          nicolae_inconvenience_store, lightli_ossuary_entry_decrepit_ruins,
          nicolae_fountain_basement, uniq_duvessa
D:8:      layout_basic, mainiacjoe_overflow_brackets, minivault_27
D:9:      layout_small_grid, minitemple, grunt_lair_entry_orc_guard_hut,
          chequers_serial_rivers_marsh, minmay_shop_grid_forest,
          minmay_mirror_moons_of_madness, uniq_gastronok
Temple:   regret_index_temple_generic_petals

Skill      XL: |  1  2  3  4  5  6  7  8  9 10 |
---------------+-------------------------------+-----
Hexes          | 1 2 |  2.0
Translocations | 1 2 |  2.0
Spellcasting   | 4 5 7 8 11 13 14 | 14.0
Conjurations   | 5 6 7 8 10 11 13 | 13.6
Dodging        | |  2.4
Stealth        | |  2.4

Action                   |  1- 3 |  4- 6 |  7- 9 | 10-12 || total
-------------------------+-------+-------+-------+-------++-------
Melee: Unarmed           |     2 |    15 |     3 |       ||    20
       Punch             |       |       |     1 |       ||     1
       Quarterstaff      |       |       |    18 |    18 ||    36
 Cast: Magic Dart        |    31 |     1 |       |     2 ||    34
       Searing Ray       |    27 |    64 |    25 |     3 ||   119
       Iskenderun's Myst |       |     1 |    90 |    18 ||   109
       Fireball          |       |       |     4 |    31 ||    35
  Use: Scroll            |       |       |       |     8 ||     8
 Stab: Sleeping          |       |       |     1 |       ||     1
Armor: Robe              |     1 |    14 |    16 |     8 ||    39
Dodge: Dodged            |    17 |    68 |    53 |    25 ||   163
